 Dungeon Crawl Stone Soup version 0.31-a0-960-g0fca184906 (webtiles) character file.

Game seed: 2766604263289189052

149583 theanonym the Brawler (level 16, -13/176 HPs)
             Began as a Troll Gladiator on Oct 23, 2023.
             Was the Champion of Jiyva.
             Killed by a resonance strike
             ... invoked by a ragged hierophant
              (18 damage)
             ... in the Desolation of Salt.
             The game lasted 01:14:15 (23356 turns).

theanonym the Brawler (Troll Gladiator)            Turns: 23356, Time: 01:14:15

Health: -13/176    AC:  7    Str: 39    XL:     16   Next: 67%
Magic:  15/15      EV: 15    Int:  2    God:    Jiyva [******]
Gold:   1811       SH:  0    Dex: 25    Spells: 15/15 levels left

rFire   + +          +
                       - Unarmed
rCold   + + .        (shield currently unavailable)
rNeg    + . .        g - +2 robe of Nemelex Xobeh's Regard {rN+ Str+3 Dex+3}
rPois   +            b - +0 hat
rElec   +            o - +0 cloak
rCorr   +            (gloves unavailable)
SInv    .            (boots unavailable)
Will    +++++        e - amulet of regeneration
Stlth   +            P - +6 ring of strength
HPRegen 3.69/turn    h - ring of the Griffon {Drain rElec rC+ Will+ Dex+3}
MPRegen 0.64/turn

%: no passive effects
@: mighty, flux-form, resistant, glowing
A: glow, contaminating, large, unfitting armour, claws 3, regeneration 1, shaggy
fur 1, tough skin 1, antennae 1, talons 1, agile 2, fire resistance 3,
strong-willed 3, gelatinous body 1, pseudopods 3, jelly sensing items
}: 1/15 runes: slimy
a: Begin Untransformation, Renounce Religion, Oozemancy, Slimify


Innate Abilities, Weirdness & Mutations

You are something dangerously unstable.
You glow with magical radiation, making you easy to see and hit.
Foes you strike become dangerously contaminated with magical radiation.
You are incapable of wielding weapons or throwing items.
You are too large for most types of armour.
You have claws for hands.
Your natural rate of healing is unusually fast.
You are covered in fur. (AC +1)
You have tough skin. (AC +1)
You have a pair of small antennae on your head.
You have sharp toenails.
You are very agile. (Dex +8, Str/Int -2)
Your flesh is almost immune to the effects of heat. (rF+++)
You are extremely strong-willed. (Will+++)
Your rubbery body absorbs attacks. (AC +1, EV +1)
Armour fits poorly on your massive pseudopods.
You have a small jelly attached to you that senses nearby items.


   Skills:
 + Level 15.6 Fighting
 - Level 1.7 Throwing
 - Level 5.0 Armour
 - Level 6.2 Dodging
 - Level 20.0 Unarmed Combat
 * Level 10.7 Shapeshifting


You had 15 spell levels left.
You didn't know any spells.
Your spell library contained the following spells:

 Spells                   Type           Power      Damage    Failure   Level
 Magic Dart               Conj           0%         1d3       54%         1
 Shock                    Conj/Air       0%         1d3       54%         1
 Sting                    Tmut/Pois      0%         1d3       54%         1
 Call Imp                 Summ           0%         N/A       69%         2
 Cigotuvi's Dreadful Rot  Necr/Pois/Air  0%         N/A       69%         2
 Ensorcelled Hibernation  Hex/Ice        0%         N/A       69%         2
 Lesser Beckoning         Tloc           0%         N/A       69%         2
 Passwall                 Tmut/Erth      0%         N/A       69%         2
 Poisonous Vapours        Pois/Air       0%         N/A       69%         2
 Scorch                   Fire           0%         2d5       69%         2
 Gell's Gravitas          Tloc           0%         N/A       89%         3
 Ignite Poison            Fire/Tmut/Pois 0%         N/A       89%         3
 Mephitic Cloud           Conj/Pois/Air  0%         N/A       89%         3
 Swiftness                Air            0%         N/A       89%         3
 Teleport Other           Tloc           0%         N/A       89%         3
 Tukima's Dance           Hex            0%         N/A       89%         3
 Volatile Blastmotes      Fire/Tloc      0%         2d10      89%         3
 Airstrike                Air            0%         2d(0-16)  100%        4
 Flame Wave               Conj/Fire      0%         2d4       100%        4
 Fulminant Prism          Conj/Hex       0%         3d5       100%        4
 Iskenderun's Mystic Bla  Conj/Tloc      0%         2d3       100%        4
 Olgreb's Toxic Radiance  Pois           0%         N/A       100%        4
 Passage of Golubria      Tloc           0%         N/A       100%        4
 Freezing Cloud           Conj/Ice/Air   0%         6-21      100%        5
 Silence                  Hex/Air        0%         N/A       100%        5
 Yara's Violent Unravell  Hex/Tmut       0%         3d3       100%        5
 Plasma Beam              Fire/Air       0%         2x1d10    100%        6
 Simulacrum               Ice/Necr       0%         N/A       100%        6
 Summon Cactus Giant      Summ           0%         N/A       100%        6
 Ozocubu's Refrigeration  Ice            0%         4d7       100%        7
 Lehudib's Crystal Spear  Conj/Erth      0%         10d2      100%        8
 Chain Lightning          Conj/Air       0%         N/A       100%        9
 Polar Vortex             Ice            0%         N/A       100%        9

Skill      XL: |  1  2  3  4  5  6  7  8  9 10 11 12 13 14 15 16 |
---------------+-------------------------------------------------+-----
Fighting       | 2 3 4 6 7 8 9 10 12 13 14 15 | 15.6
Unarmed Combat | 4 5 6 8 10 12 14 15 16 18 19 20 | 20.0
Armour         | 3 5 |  5.0
Dodging        | 4 5 6 |  6.2
Shapeshifting  | 7 10 | 10.7
Throwing       | |  1.7

Action                     |  1- 3 |  4- 6 |  7- 9 | 10-12 | 13-15 | 16-18 || total
---------------------------+-------+-------+-------+-------+-------+-------++-------
  Melee: Unarmed           |    98 |    49 |   149 |   448 |  1012 |   265 ||  2021
         Punch             |     3 |     7 |    13 |    40 |   110 |     3 ||   176
         Mace              |       |   131 |   158 |       |    13 |       ||   302
         Kick              |       |       |       |       |    49 |   123 ||   172
         Pseudopods        |       |       |       |       |    89 |    85 ||   174
  Throw: Large rock        |       |       |       |       |     4 |       ||     4
 Invoke: Heal Other        |       |       |       |     1 |       |       ||     1
  Evoke: Wand              |       |       |       |       |     7 |     3 ||    10
         Phantom mirror    |       |       |       |       |       |     1 ||     1
    Use: Scroll            |       |     1 |     2 |    19 |    19 |     6 ||    47
         Potion            |       |       |       |     3 |     5 |    11 ||    19
   Stab: Sleeping          |       |     9 |     3 |       |       |       ||    12
         Paralysed         |       |       |       |       |     3 |       ||     3
 Armour: Robe              |    46 |   108 |   123 |       |       |   148 ||   425
         Troll leather arm |       |       |    48 |   357 |   734 |    34 ||  1173
         Skin              |       |       |       |       |       |     3 ||     3
  Dodge: Dodged            |    59 |   161 |   261 |   368 |   722 |   166 ||  1737
         Form:             |       |       |       |       |     1 |       ||     1
         Dragon            |       |       |       |       |     1 |       ||     1
         Flux              |       |       |       |       |       |     1 ||     1

Inventory:

Hand Weapons
 s - the +1 hammer of Nomikyt {protect, Dex+9 Stlth+}

   Dex+9:     It affects your dexterity (+9).
   Stlth+:    It makes you more stealthy.
Missiles
 c - 3 throwing nets (quivered)
 d - 30 large rocks
Armour
 b - a +0 hat (worn)
 g - the +2 robe of Nemelex Xobeh's Regard (worn) {rN+ Str+3 Dex+3}

   Str+3:     It affects your strength (+3).
   Dex+3:     It affects your dexterity (+3).
   rN+:       It protects you from negative energy.
 k - the +2 robe "Ditet" {Will+ Int+4}

   Int+4:     It affects your intelligence (+4).
   Will+:     It increases your willpower.
 o - a +0 cloak (worn)
 C - the +1 helmet "Veuda" {Rampage rPois rC++ Str-3}

   Str-3:     It affects your strength (-3).
   rC++:      It greatly protects you from cold.
   rPois:     It protects you from poison Rampage: It bestows one free step when
   moving towards enemies.
 I - a +3 troll leather armour
Jewellery
 e - an amulet of regeneration (around neck)
 h - the ring of the Griffon (right claw) {Drain rElec rC+ Will+ Dex+3}

   [ring of willpower]

   Dex+3:     It affects your dexterity (+3).
   rC+:       It protects you from cold.
   rElec:     It insulates you from electricity.
   Will+:     It increases your willpower.
   Drain:     It drains your maximum health when unequipped.
 i - a +5 ring of evasion
 E - the ring of the Ikuchi {rC+ Dex+3}

   [ring of protection from cold]

   Dex+3:     It affects your dexterity (+3).
   rC+:       It protects you from cold.
 F - a ring of fire {rF++ rC-}
 G - a ring of positive energy {rN+}
 H - the amulet of Reimbursement {Spirit Rampage rC+}

   [amulet of guardian spirit]

   Spirit:    It causes incoming damage to be divided between your reserves of
   health and magic.
   rC+:       It protects you from cold.
   Rampage:   It bestows one free step when moving towards enemies.
 L - the ring "Pisyitul" {rElec rC+ rN+ Str-4 Int+2}

   [ring of positive energy]

   Str-4:     It affects your strength (-4).
   Int+2:     It affects your intelligence (+2).
   rC+:       It protects you from cold.
   rElec:     It insulates you from electricity.
   rN+:       It protects you from negative energy.
 P - a +6 ring of strength (left claw)
 R - a ring of see invisible
 T - the ring "Quenuc" {Ice rElec rN+ Str+2 Dex-4}

   [ring of ice]

   Ice:       It enhances your ice magic.
   Str+2:     It affects your strength (+2).
   Dex-4:     It affects your dexterity (-4).
   rF-:       It makes you vulnerable to fire.
   rC+:       It protects you from cold.
   rElec:     It insulates you from electricity.
   rN+:       It protects you from negative energy.
Talismans
 a - a maw talisman
 n - a blade talisman
 x - the talisman of death "Vexel" {*Corrode rElec rF+ Str+3}

   [talisman of death]

   Str+3:     It affects your strength (+3).
   rF+:       It protects you from fire.
   rElec:     It insulates you from electricity.
   *Corrode:  It may corrode you when you take damage.
 N - the dragon-blood talisman "Uqoir" {rC+ Str-5 Int+4} [dragon-blood talisman] Str-5: It affects your strength (-5). Int+4: It affects your intelligence (+4). rC+: It protects you from cold.
 O - a flux talisman (active)
Wands
 J - a wand of quicksilver (9)
 Q - a wand of paralysis (1)
Scrolls
 f - 4 scrolls of fog
 l - 4 scrolls of noise
 r - a scroll of identify
 t - 4 scrolls of teleportation
 y - a scroll of revelation
 K - 5 scrolls of poison
 M - a scroll of immolation
Potions
 j - 2 potions of invisibility
 m - 2 potions of might
 p - 2 potions of lignification
 v - a potion of ambrosia
 w - 8 potions of curing
 A - 4 potions of enlightenment
 D - 2 potions of cancellation
Miscellaneous
 z - a phantom mirror (inert) You were in the Desolation of Salt. You worshipped Jiyva. Jiyva was exalted by your worship. You were something dangerously unstable. You visited 7 branches of the dungeon, and saw 31 of its levels. You also visited: Ice Cave and Desolation. You collected 1811 gold pieces.

Dungeon Overview and Level Annotations

Branches:
Dungeon (15/15)            Temple (1/1) D:6            Lair (5/5) D:10
 Shoals (0/4) Lair:2       Spider (2/4) Lair:2        Slime (5/5) Lair:5
    Orc (2/2) D:10            Elf (1/3) Orc:2        Vaults (0/5) D:13
 Depths (0/4) D:15          IceCv (visited)         Desolation (1/1)

Altars:
Ashenzari
Cheibriados
Dithmenos
Elyvilon
Fedhas
Gozag
Hepliaklqana
Kikubaaqudgha
Makhleb
Nemelex Xobeh
Okawaru
Qazlal
Ru
Sif Muna
Trog
Uskayaw
Vehumet
Wu Jian
Xom
Yredelemnul
Zin
The Shining One
Jiyva

Shops:
D:3 :[   D:14 [   Orc:2 [[*

Annotations:
D:5 1 runed translucent door
D:12 4 transporters
Spider:2 Asterion
Slime:5 Royal Jelly

..................#####
...................####
.......)...........####
..................#####
..........#........####
........##.........####
.#.....#...........####
.....#.............####
.......#......#pp..####
........#....##a...####
.........#....p.a..####
#........#.##.....#####
...........#a.....#####
..............a..######
...........#.....######
.........).).....######
#........####....####,,


You could see 3 ragged hierophants, a servant of whispers (strong, stilling
wind, sheltered) and 2 ironbound convokers.

Notes
Turn   | Place    | Note
-------+----------+-------------------------------------------
     0 | D:1      | theanonym the Troll Gladiator began the quest for the Orb.
     0 | D:1      | Reached XP level 1. HP: 19/19 MP: 0/0
    55 | D:1      | Reached XP level 2. HP: 25/28 MP: 1/1
   129 | D:1      | Reached skill level 2 in Fighting
   333 | D:1      | Reached XP level 3. HP: 33/35 MP: 2/2
  1012 | D:2      | Reached skill level 4 in Unarmed Combat
  1309 | D:2      | Reached XP level 4. HP: 44/44 MP: 3/3
  1408 | D:2      | Noticed Natasha
  1417 | D:2      | Killed Natasha
  1522 | D:2      | Noticed Robin
  1573 | D:2      | Killed Robin
  1767 | D:2      | Noticed Natasha
  1772 | D:2      | Killed Natasha
  1773 | D:2      | Reached skill level 5 in Unarmed Combat
  1773 | D:2      | Reached XP level 5. HP: 52/52 MP: 4/4
  1878 | D:2      | Found a runed translucent door.
  1879 | D:2      | Noticed Crazy Yiuf
  1884 | D:2      | Killed Crazy Yiuf
  1887 | D:2      | Identified the +1 hammer of Nomikyt {protect, Dex+9 Stlth+}
  1910 | D:2      | Noticed Natasha
  1923 | D:2      | HP: 26/52 [cerulean imp/+1 spear[Natasha] (2)]
  1924 | D:2      | Killed Natasha
  1925 | D:2      | Reached skill level 3 in Fighting
  1955 | D:3      | Found Teblun's Antique Armour Shoppe.
  2087 | D:3      | Found Vine's Book Boutique.
  2195 | D:3      | Noticed Jessica
  2204 | D:3      | Killed Jessica
  2855 | D:4      | Noticed Sigmund
  2875 | D:4      | Killed Sigmund
  2876 | D:4      | Reached skill level 6 in Unarmed Combat
  2876 | D:4      | Reached XP level 6. HP: 61/61 MP: 5/5
  3139 | D:4      | Reached XP level 7. HP: 68/68 MP: 6/6
  3188 | D:4      | Reached skill level 4 in Fighting
  3251 | D:4      | Found a blossoming altar of Fedhas.
  3561 | D:5      | Entered Level 5 of the Dungeon
  3564 | D:5      | Reached skill level 7 in Unarmed Combat
  3691 | D:5      | Found a runed translucent door.
  3695 | D:5      | Noticed MrCrawl's ghost (amateur DrFE)
  3781 | D:5      | Found a faded altar of an unknown god.
  3781 | D:5      | Found a faded altar of an unknown god.
  3793 | D:5      | Found a hazy altar of Hepliaklqana.
  3839 | D:5      | Found a runed translucent door.
  3883 | D:5      | Reached skill level 8 in Unarmed Combat
  3908 | D:5      | Found a burning altar of Makhleb.
  4055 | D:5      | Reached XP level 8. HP: 74/79 MP: 7/7
  4079 | D:5      | Killed MrCrawl's ghost
  4080 | D:5      | Reached skill level 5 in Fighting
  4244 | D:6      | Reached skill level 9 in Unarmed Combat
  4497 | D:6      | Found a staircase to the Ecumenical Temple.
  4516 | Temple   | Entered the Ecumenical Temple
  4758 | D:7      | Found a bloodstained altar of Trog.
  4777 | D:7      | Reached skill level 10 in Unarmed Combat
  4889 | D:7      | Found a glowing golden altar of the Shining One.
  4951 | D:7      | Noticed a troll
  4960 | D:7      | Killed a troll
  4961 | D:7      | Reached skill level 6 in Fighting
  4961 | D:7      | Reached XP level 9. HP: 65/89 MP: 8/8
  5333 | D:7      | Reached skill level 11 in Unarmed Combat
  5708 | D:8      | Reached skill level 7 in Fighting
  5934 | D:8      | Reached skill level 12 in Unarmed Combat
  5943 | D:8      | Reached XP level 10. HP: 88/102 MP: 9/9
  6579 | D:9      | Reached skill level 13 in Unarmed Combat
  6585 | D:9      | HP: 50/104 [yak (5)]
  6590 | D:9      | HP: 27/104 [yak (12)]
  6839 | D:9      | Reached skill level 8 in Fighting
  6952 | D:9      | HP: 51/104 [yak (13)]
  7067 | D:10     | Entered Level 10 of the Dungeon
  7130 | D:10     | Found a staircase to the Orcish Mines.
  7212 | D:10     | Noticed a two-headed ogre
  7216 | D:10     | Killed a two-headed ogre
  7245 | D:10     | Found a radiant altar of Vehumet.
  7272 | D:10     | Found a white marble altar of Elyvilon.
  7289 | D:10     | Reached skill level 14 in Unarmed Combat
  7292 | D:10     | Reached XP level 11. HP: 86/113 MP: 10/10
  7308 | D:10     | Found a broken altar of Ashenzari.
  7312 | D:10     | Found a snail-covered altar of Cheibriados.
  7312 | D:10     | Found a shimmering altar of Xom.
  7318 | D:10     | Found an ancient bone altar of Kikubaaqudgha.
  7386 | D:10     | Became a worshipper of Elyvilon the Healer
  7558 | D:10     | Reached skill level 1 in Armour
  7574 | D:10     | Reached skill level 3 in Dodging
  7867 | D:10     | Found a staircase to the Lair.
  8121 | Lair:1   | Entered Level 1 of the Lair of Beasts
  8235 | Lair:1   | HP: 52/113 [yak (13)]
  8245 | Lair:1   | HP: 52/113 [yak (9)]
  8251 | Lair:1   | HP: 38/113 [black mamba (17)]
  8256 | Lair:1   | HP: 40/113 [black mamba (7)]
  8264 | Lair:1   | HP: 56/113 [black mamba (6)]
  8275 | Lair:1   | HP: 55/113 [black mamba (17)]
  8279 | Lair:1   | Reached skill level 9 in Fighting
  8279 | Lair:1   | Reached skill level 2 in Armour
  8280 | Lair:1   | HP: 45/115 [poisoned by a black mamba]
  8285 | Lair:1   | HP: 39/115 [poisoned by a black mamba]
  8485 | Lair:1   | Reached * piety under Elyvilon
  8614 | Lair:2   | Found a staircase to the Shoals.
  8654 | Lair:2   | Found a runed translucent door.
  8655 | Lair:2   | Noticed Rayvis's ghost (journeyman MiFi)
  8735 | Lair:2   | Reached skill level 15 in Unarmed Combat
  8816 | Lair:2   | Reached skill level 3 in Armour
  8816 | Lair:2   | Reached skill level 4 in Dodging
  9097 | Lair:2   | Found a hole to the Spider Nest.
  9242 | Lair:2   | Reached ** piety under Elyvilon
  9248 | Lair:2   | Reached XP level 12. HP: 124/124 MP: 11/11
  9632 | Lair:3   | Found a runed translucent door.
  9633 | Lair:3   | Noticed Meazimey's ghost (journeyman NaVM)
  9959 | Lair:3   | Reached *** piety under Elyvilon
 10316 | Lair:4   | HP: 60/124 [elephant (10)]
 10325 | Lair:4   | HP: 59/124 [wyvern (6)]
 10330 | Lair:4   | HP: 38/124 [yak (3)]
 10336 | Lair:4   | HP: 52/124 [yak (2)]
 10347 | Lair:4   | Noticed a death yak
 10347 | Lair:4   | Noticed a death yak
 10349 | Lair:4   | Noticed a death yak
 10350 | Lair:4   | Noticed a death yak
 10350 | Lair:4   | Noticed a death yak
 10376 | Lair:4   | Noticed a four-headed hydra
 10379 | Lair:4   | HP: 62/124 [elephant (14)]
 10385 | Lair:4   | HP: 34/124 [four-headed hydra (6)]
 10390 | Lair:4   | HP: 27/124 [wolf (8)]
 10391 | Lair:4   | Noticed a death yak
 10403 | Lair:5   | Entered Level 5 of the Lair of Beasts
 10405 | Lair:5   | HP: 50/124 [electric eel/bolt of electricity (1)]
 10410 | Lair:5   | HP: 35/124 [black mamba (3)]
 10415 | Lair:5   | Gained mutation: You are resistant to electric shocks.
                  | (rElec) [potion of mutation]
 10415 | Lair:5   | Gained mutation: You are dopey. (Int -2) [potion of
                  | mutation]
 10453 | Lair:5   | Found a staircase to the Slime Pits.
 10454 | Lair:5   | Found a viscous altar of Jiyva.
 10462 | Lair:5   | Fell from the grace of Elyvilon
 10462 | Lair:5   | Became a worshipper of Jiyva Jipeut the Shapeless
 10499 | Lair:5   | Killed a death yak
 10500 | Lair:5   | Reached skill level 4 in Armour
 10513 | Lair:4   | HP: 48/126 [death yak (22)]
 10517 | Lair:5   | Killed a death yak
 10518 | Lair:5   | Reached skill level 5 in Dodging
 10518 | Lair:5   | Killed a death yak
 10519 | Lair:5   | HP: 38/189 [yak (1)]
 10524 | Lair:5   | HP: 36/189 [yak (4)]
 10591 | Lair:5   | Reached skill level 16 in Unarmed Combat
 10707 | Lair:5   | Identified the +2 robe "Ditet" {Will+ Int+4}
 10746 | Lair:5   | Reached skill level 10 in Fighting
 10846 | Lair:5   | Reached skill level 5 in Armour
 10855 | Lair:5   | Reached * piety under Jiyva
 11211 | Lair:5   | Noticed a death yak
 11218 | Lair:5   | Killed a death yak
 11220 | Lair:5   | Noticed a catoblepas
 11226 | Lair:5   | Killed a catoblepas
 11241 | Lair:5   | Noticed a death yak
 11242 | Lair:5   | Noticed a death yak
 11396 | Lair:5   | Noticed a death yak
 11408 | Lair:5   | Killed a death yak
 11420 | Lair:5   | Killed a death yak
 11421 | Lair:5   | Reached XP level 13. HP: 102/135 MP: 12/12
 11526 | Lair:5   | Reached skill level 11 in Fighting
 11575 | Lair:5   | Reached skill level 17 in Unarmed Combat
 11887 | Lair:4   | Reached ** piety under Jiyva
 11999 | Lair:4   | HP: 65/137 [death yak (11)]
 12004 | Lair:4   | HP: 25/137 [death yak (26)]
 12008 | Lair:4   | HP: 11/137 [death yak (23)]
 12138 | Lair:4   | HP: 62/139 [eight-headed hydra (11)]
 12138 | Lair:4   | HP: 27/139 [eight-headed hydra (8)]
 12138 | Lair:4   | HP: 13/139 [elephant (12)]
 12211 | Lair:4   | HP: 63/139 [eight-headed hydra (8)]
 12259 | Lair:4   | Reached skill level 12 in Fighting
 12807 | Lair:2   | Killed Rayvis's ghost
 12882 | Lair:3   | Killed Meazimey's ghost
 12998 | Orc:1    | Entered Level 1 of the Orcish Mines
 13007 | Orc:1    | Reached skill level 18 in Unarmed Combat
 13273 | D:11     | Reached *** piety under Jiyva
 13273 | D:11     | Lost mutation: You are dopey. (Int -2) [Jiyva's grace]
 13273 | D:11     | Gained mutation: You have a small jelly attached to you
                  | that senses nearby items. [Jiyva's grace]
 13273 | D:11     | Gained mutation: You have a pair of small antennae on your
                  | head. [Jiyva's grace]
 13273 | D:11     | Gained mutation: You have a pair of antennae on your head.
                  | [Jiyva's grace]
 13273 | D:11     | Gained mutation: You have a pair of large antennae on your
                  | head. (SInv) [Jiyva's grace]
 13429 | D:11     | Found a frozen archway.
 13443 | D:11     | Reached XP level 14. HP: 107/150 MP: 13/13
 13454 | IceCv    | Entered an ice cave
 13541 | IceCv    | HP: 65/150 [ice statue/bolt of cold (19)]
 13546 | IceCv    | HP: 68/150 [ice beast[an ice statue] (2)]
 13843 | D:11     | Reached **** piety under Jiyva
 14312 | D:12     | Found a runed translucent gate.
 14312 | D:12     | Found a runed translucent gate.
 14312 | D:12     | Found a runed translucent gate.
 14459 | D:12     | Reached ***** piety under Jiyva
 14462 | D:12     | Found an ornate altar of the Wu Jian Council.
 14462 | D:12     | Found a transporter.
 14465 | D:12     | Found a transporter.
 14662 | D:12     | Found a transporter.
 14801 | D:12     | Lost mutation: You have a pair of large antennae on your
                  | head. (SInv) [Jiyva's grace]
 14801 | D:12     | Lost mutation: You are resistant to electric shocks.
                  | (rElec) [Jiyva's grace]
 14801 | D:12     | Lost mutation: You have a small jelly attached to you that
                  | senses nearby items. [Jiyva's grace]
 14801 | D:12     | Gained mutation: Your flesh is heat resistant. (rF+)
                  | [Jiyva's grace]
 14801 | D:12     | Gained mutation: Your flesh is very heat resistant. (rF++)
                  | [Jiyva's grace]
 14801 | D:12     | Gained mutation: Your flesh is almost immune to the effects
                  | of heat. (rF+++) [Jiyva's grace]
 14801 | D:12     | Gained mutation: You have sharp toenails. [Jiyva's grace]
 14817 | D:12     | Found a transporter.
 14928 | D:12     | Reached skill level 13 in Fighting
 15182 | D:12     | Noticed MrCrawl's ghost (journeyman DrFE)
 15216 | D:12     | Killed MrCrawl's ghost
 15417 | D:13     | Noticed a frost giant
 15417 | D:13     | Noticed a tengu reaver
 15428 | D:13     | Noticed a storm dragon
 15429 | D:13     | Killed a tengu reaver
 15429 | D:13     | HP: 70/153 [frost giant/bolt of cold (31)]
 15443 | D:13     | HP: 49/153 [frost giant/+1 battleaxe of freezing (37)]
 15778 | D:13     | Reached skill level 19 in Unarmed Combat
 15865 | D:13     | Killed a frost giant
 16059 | D:13     | Found a gate to the Vaults.
 16071 | D:13     | HP: 69/153 [orc knight/+0 long sword (16)]
 16312 | D:14     | Found Coegisin's Antique Armour Shop.
 16772 | D:15     | Entered Level 15 of the Dungeon
 16790 | D:15     | Reached ****** piety under Jiyva
 16845 | D:15     | HP: 72/154 [skeletal warrior/+0 trident (22)]
 16852 | D:15     | HP: 51/154 [skeletal warrior/+0 long sword (16)]
 16855 | D:15     | HP: 14/154 [skeletal warrior/+0 long sword (29)]
 17177 | D:15     | Lost mutation: You have sharp toenails. [Jiyva's grace]
 17177 | D:15     | Lost mutation: Your flesh is almost immune to the effects
                  | of heat. (rF+++) [Jiyva's grace]
 17177 | D:15     | Gained mutation: Armour fits poorly on your pseudopods.
                  | [Jiyva's grace]
 17177 | D:15     | Gained mutation: Armour fits poorly on your large
                  | pseudopods. [Jiyva's grace]
 17177 | D:15     | Gained mutation: Armour fits poorly on your massive
                  | pseudopods. [Jiyva's grace]
 17177 | D:15     | Gained mutation: Your rubbery body absorbs attacks. (AC +1,
                  | EV +1) [Jiyva's grace]
 17184 | D:15     | HP: 67/154 [cyclops/large rock (29)]
 17632 | Shoals:4 | Identified the of Betif
 17632 | Vaults:5 | Identified the "Jeotz"
 17632 | Depths:2 | Identified the "Weodig"
 17632 | Desolati | Identified the "Xaikyzia"
 17632 | Desolati | Identified the "Foholoef"
 17632 | Elf:3    | Identified the of Birhi
 17632 | Elf:3    | Identified the of Ydeusk
 17632 | Slime:1  | Entered Level 1 of the Pits of Slime
 17632 | Slime:1  | Noticed a rockslime
 17632 | Slime:1  | Noticed an acid blob
 17648 | Slime:3  | Noticed a quicksilver ooze
 17653 | Slime:4  | Noticed an acid blob
 17653 | Slime:4  | Noticed an acid blob
 17653 | Slime:4  | Noticed a rockslime
 17660 | Slime:5  | Entered Level 5 of the Pits of Slime
 17663 | Slime:5  | Noticed a quicksilver ooze
 17670 | Slime:5  | Noticed a quicksilver ooze
 17673 | Slime:5  | Identified the ring of the Ikuchi {rC+ Dex+3}
 17675 | Slime:5  | Noticed an acid blob
 17682 | Slime:5  | Noticed a formless jellyfish
 17682 | Slime:5  | Noticed a formless jellyfish
 17684 | Slime:5  | Noticed a formless jellyfish
 17720 | Slime:5  | Noticed a quicksilver ooze
 17742 | Slime:5  | Noticed an acid blob
 17743 | Slime:5  | Noticed a rockslime
 17754 | Slime:5  | Identified the dragon-blood talisman "Uqoir" {rC+ Str-5
                  | Int+4}
 17757 | Slime:5  | Identified the +6 rapier of Slow Death {freeze, *Rage rN+
                  | Stlth+}
 17765 | Slime:5  | Noticed an acid blob
 17781 | Slime:5  | Noticed an acid blob
 17804 | Slime:5  | Found a viscous altar of Jiyva.
 17820 | Slime:5  | Noticed the Royal Jelly
 17865 | Slime:5  | Identified the talisman of death "Vexel" {*Corrode rElec
                  | rF+ Str+3}
 17867 | Slime:5  | Identified the amulet of Reimbursement {Spirit Rampage rC+}
 17869 | Slime:5  | Identified the +1 helmet "Veuda" {Rampage rPois rC++ Str-3}
 17870 | Slime:5  | Noticed an acid blob
 17918 | Slime:5  | Identified the +5 glaive of the Hated {heavy, rC++ MP-9
                  | Str+2}
 17921 | Slime:5  | Got a slimy rune of Zot
 18002 | Slime:5  | Noticed an acid blob
 18004 | Slime:5  | Noticed an acid blob
 18543 | D:15     | Reached XP level 15. HP: 128/162 MP: 14/14
 18758 | D:15     | Found a staircase to the Depths.
 18770 | D:15     | Reached skill level 14 in Fighting
 18770 | D:15     | Reached skill level 6 in Dodging
 18780 | D:15     | Reached skill level 1 in Shapeshifting
 18990 | D:15     | Found a shimmering blue altar of Sif Muna.
 19162 | Orc:2    | Entered Level 2 of the Orcish Mines
 19734 | Orc:2    | Reached skill level 2 in Shapeshifting
 19819 | Orc:2    | Found a staircase to the Elven Halls.
 19850 | Orc:2    | Noticed Josephine
 19880 | Orc:2    | Killed Josephine
 19922 | Orc:2    | Found Yriextu's Armour Shop.
 19923 | Orc:2    | Found Xaakkeb's Antique Armour Boutique.
 19924 | Orc:2    | Found Inemin's Antique Weapon Boutique.
 19928 | Orc:2    | Found Ottydaeff's Assorted Antiques.
 20084 | Orc:2    | Lost mutation: You have a pair of antennae on your head.
                  | [Jiyva's grace]
 20084 | Orc:2    | Gained mutation: You have a small jelly attached to you
                  | that senses nearby items. [Jiyva's grace]
 20084 | Orc:2    | Gained mutation: Your flesh is almost immune to the effects
                  | of heat. (rF+++) [Jiyva's grace]
 20084 | Orc:2    | Gained mutation: You are agile. (Dex +4, Str/Int -1)
                  | [Jiyva's grace]
 20084 | Orc:2    | Gained mutation: You are very agile. (Dex +8, Str/Int -2)
                  | [Jiyva's grace]
 21065 | Spider:1 | Entered Level 1 of the Spider Nest
 21081 | Spider:1 | Reached skill level 3 in Shapeshifting
 21268 | Spider:1 | Identified the +1 broad axe of Floods {venom, Str+2}
 21276 | Spider:1 | HP: 80/165 [meliai/the +1 broad axe of Floods {venom,
                  | Str+2} (6)]
 21281 | Spider:1 | HP: 59/165 [poisoned by a meliai]
 21286 | Spider:1 | HP: 71/165 [poisoned by a meliai]
 21358 | Spider:1 | Reached skill level 4 in Shapeshifting
 21503 | Spider:1 | Reached skill level 5 in Shapeshifting
 21586 | Spider:1 | Reached skill level 20 in Unarmed Combat
 21984 | Spider:2 | Noticed Asterion
 21990 | Spider:2 | HP: 43/165 [Asterion/orb of electricity (73)]
 22051 | Spider:1 | Reached skill level 6 in Shapeshifting
 22205 | Spider:2 | Noticed an emperor scorpion
 22213 | Spider:2 | Killed an emperor scorpion
 22238 | Spider:2 | HP: 78/165 [poisoned by a redback]
 22241 | Spider:2 | HP: 28/165 [entropy weaver (11)]
 22241 | Spider:2 | HP: 11/165 [redback (4)]
 22244 | Spider:2 | Reached skill level 7 in Shapeshifting
 22469 | Elf:1    | Entered Level 1 of the Elven Halls
 22492 | Elf:1    | Found a crumbling gateway.
 22497 | Desolati | Entered the Desolation of Salt
 22516 | Desolati | HP: 71/165 [ragged hierophant/a resonance strike (26)]
 22519 | Desolati | HP: 34/165 [ragged hierophant/a resonance strike (23)]
 22525 | Desolati | HP: 19/165 [saltling (11)]
 22526 | Desolati | Reached XP level 16. HP: 20/174 MP: 15/15
 22602 | Desolati | Gained mutation: You are strong-willed. (Will+) [Jiyva's
                  | grace]
 22602 | Desolati | Gained mutation: You are highly strong-willed. (Will++)
                  | [Jiyva's grace]
 22602 | Desolati | Gained mutation: You are extremely strong-willed. (Will+++)
                  | [Jiyva's grace]
 22602 | Desolati | Gained mutation: You have sharp toenails. [Jiyva's grace]
 22618 | Desolati | HP: 74/174 [imperial myrmidon/+0 scimitar (27)]
 22623 | Desolati | HP: 78/174 [saltling (12)]
 22628 | Desolati | HP: 75/174 [saltling (9)]
 22688 | Desolati | Reached skill level 15 in Fighting
 22688 | Desolati | Reached skill level 8 in Shapeshifting
 22776 | Desolati | Identified the +2 robe of Nemelex Xobeh's Regard {rN+ Str+3
                  | Dex+3}
 22838 | Desolati | Reached skill level 9 in Shapeshifting
 22861 | Desolati | HP: 71/176 [servant of whispers/bolt of lightning (24)]
 22866 | Desolati | HP: 72/176 [saltling (12)]
 22871 | Desolati | HP: 56/176 [servant of whispers/bolt of lightning (7)]
 22880 | Desolati | HP: 64/176 [saltling (12)]
 22885 | Desolati | HP: 70/176 [saltling (7)]
 22955 | Desolati | Identified the ring of the Griffon {Drain rElec rC+ Will+
                  | Dex+3}
 22967 | Desolati | Identified the ring "Quenuc" {Ice rElec rN+ Str+2 Dex-4}
 23038 | Desolati | HP: 86/176 [peacekeeper (12)]
 23044 | Desolati | HP: 63/176 [saltling (5)]
 23049 | Desolati | HP: 56/176 [ironbound convoker/+0 dire flail of protection
                  | (9)]
 23174 | Desolati | Reached skill level 10 in Shapeshifting
 23272 | Desolati | Identified the +4 great sword of Springtime {spect, rF+
                  | Will+ Str+3 SInv}
 23272 | Desolati | Identified the ring "Pisyitul" {rElec rC+ rN+ Str-4 Int+2}
 23307 | Desolati | Identified the +3 dagger "Inazej" {flame, *Corrode Will+
                  | Dex+3}
 23312 | Desolati | HP: 86/176 [guardian serpent (22)]
 23315 | Desolati | HP: 22/176 [guardian serpent/bolt of poison (25)]
 23320 | Desolati | HP: 27/176 [poisoned by a guardian serpent (bolt of
                  | poison)]
 23320 | Desolati | HP: 5/176 [guardian serpent/bolt of poison (22)]
 23332 | Desolati | HP: 71/176 [ragged hierophant/+0 scimitar (13)]
 23336 | Desolati | HP: 35/176 [ragged hierophant/a resonance strike (9)]
 23338 | Desolati | Identified the ring "Beybrowe" {rC+ Will++}
 23341 | Desolati | HP: 34/176 [poisoned by a guardian serpent (bolt of
                  | poison)]
 23346 | Desolati | HP: 34/176 [poisoned by a guardian serpent (bolt of
                  | poison)]
 23352 | Desolati | HP: 15/176 [ragged hierophant/a resonance strike (17)]
 23353 | Desolati | HP: 2/176 [ragged hierophant/a resonance strike (15)]
 23356 | Desolati | Killed from afar by a ragged hierophant

Vanquished Creatures
  A tengu reaver (D:13)
  An emperor scorpion (Spider:2)
  A frost giant (D:13)
  2 imperial myrmidons (Desolation)
  A ghost moth (Spider:2)
  A spark wasp (Spider:1)
  The ghost of Meazimey the Grappler, a journeyman NaVM of Jiyva (Lair:3)
  A crystal guardian (Desolation)
  Josephine (Orc:2)
  A deep elf high priest (Elf:1)
  The ghost of Rayvis the Severer, a journeyman MiFi of Makhleb (Lair:2)
  The ghost of MrCrawl the Thaumaturge, a journeyman DrFE of Vehumet (D:12)
  2 entropy weavers
  10 ragged hierophants (Desolation)
  3 peacekeepers (Desolation)
  6 servants of whispers (Desolation)
  2 hydras
  4 catoblepae
  A radroach (Spider:1)
  5 centaur warriors
  4 two-headed ogres
  3 boulder beetles
  2 demonic crawlers (Spider:1)
  13 death yaks
  An orc high priest (Orc:2)
  A skyshark (Lair:5)
  5 skeletal warriors (D:15)
  A pharaoh ant (Spider:1)
  A salamander mystic (D:15)
  An orb spider (Spider:2)
  5 orc knights
  A deep elf zephyrmancer (Elf:1)
  4 steelbarb worms
  A lindwurm (Lair:3)
  An arcanist (D:13)
  6 ironbound convokers (Desolation)
  A necromancer (D:13)
  3 deep elf pyromancers
  6 ugly things
  4 orc sorcerers (Orc:2)
  4 manticores
  6 wolf spiders
  7 cyclopes
  A moth of wrath (Spider:2)
  6 guardian serpents (Desolation)
  5 black mambas
  3 ice statues (IceCv)
  12 elephants
  3 molten gargoyles (Desolation)
  2 gargoyles
  A torpor snail (shapeshifter) (D:15)
  6 torpor snails
  6 cane toads
  2 rime drakes
  4 komodo dragons
  5 kobold demonologists
  4 freezing wraiths
  4 efreet
  A tengu conjurer (D:11)
  9 meliai
  A meliai (shapeshifter) (D:15)
  9 trolls
  12 tarantellas
  A polar bear (shapeshifter) (D:13)
  A polar bear (Lair:5)
  The ghost of MrCrawl the Magician, an amateur DrFE (D:5)
  59 saltlings (Desolation)
  A centaur simulacrum (D:15)
  Sigmund (D:4)
  7 culicivoras
  A jumping spider (shapeshifter) (D:14)
  12 jumping spiders
  4 shadows
  3 wraiths (Orc:2)
  3 wyverns
  3 basilisks
  81 yaks
  3 steam dragons (D:8)
  9 vampire mosquitoes
  A warg (Orc:1)
  21 redbacks
  3 harpy simulacra
  2 death yak simulacra (IceCv)
  3 acid dragons
  15 water moccasins
  An ice beast (D:8)
  21 orc warriors
  A sky beast (D:6)
  A black bear (Lair:2)
  4 wolves (Lair:4)
  3 ogres
  3 centaurs
  2 phantoms
  17 kobold brigands
  7 bullfrogs
  2 scorpions (D:6)
  A gnoll sergeant (D:9)
  A cane toad simulacrum (IceCv)
  2 wights (D:8)
  3 killer bees (D:10)
  An electric eel (Lair:5)
  4 jellies
  Crazy Yiuf (D:2)
  4 hounds
  A gnoll bouda (D:4)
  21 orc priests
  Jessica (D:3)
  2 sleepcaps
  Natasha (thrice) (D:2)
  6 iguanas
  37 orc wizards
  A polar bear simulacrum (IceCv)
  A wolf simulacrum (IceCv)
  Robin (D:2)
  12 gnolls
  4 adders
  A river rat (D:5)
  3 shadow imps
  2 white imps (D:6)
  4 ufetubi (D:6)
  5 worms
  4 dart slugs
  54 orcs
  8 ball pythons
  3 endoplasms
  A giant cockroach (D:4)
  17 goblins
  11 hobgoblins
  21 kobolds
  4 quokkas
  4 bats
  3 frilled lizards
  2 goblin zombies (D:7)
  3 hobgoblin zombies (D:7)
  An orc skeleton (D:7)
  An orc zombie (D:7)
  7 rats
786 creatures vanquished.

Vanquished Creatures (collateral kills)
  An ironbound convoker (Desolation)
1 creature vanquished.

Vanquished Creatures (others)
  An unseen horror (D:13)
  A troll (D:13)
  A tarantella (shapeshifter) (D:13)
  A jumping spider (Spider:2)
  6 slime creatures
  3 yaks (D:12)
  A wyvern (Lair:5)
  A naga (shapeshifter) (D:13)
  A water moccasin (Lair:5)
  4 centaurs
  37 jellies
  2 orc wizards (Orc:2)
  2 orcs
  3 kobolds (D:8)
64 creatures vanquished.

Grand Total: 851 creatures vanquished

Table legend: (Time is in decaauts)
 A = Elapsed time spent in this place.
 B = Non-inter-level travel time spent in this place.
 C = Inter-level travel time spent in this place.
 D = Time resting spent in this place.
 E = Time spent auto-exploring this place.
 F = Levels seen in this place.
 G = Mean time per level.
                   A        B        C        D        E       F      G
               +--------+--------+--------+--------+--------+-----+--------+
         Total |  22885 |  19540 |   3345 |    898 |  14281 |  33 |  693.5 |
       Dungeon |  13783 |  11717 |   2066 |    382 |   9285 |  15 |  918.9 |
        Temple |      1 |      0 |      1 |      0 |      0 |   1 |    1.0 |
          Lair |   5059 |   4261 |    798 |    223 |   3092 |   5 | 1011.8 |
   Spider Nest |   1178 |   1006 |    172 |    172 |    516 |   2 |  589.0 |
    Slime Pits |    627 |    469 |    158 |      0 |    371 |   5 |  125.4 |
  Orcish Mines |   1278 |   1129 |    149 |      0 |    784 |   2 |  639.0 |
   Elven Halls |     23 |     23 |      0 |      0 |      0 |   1 |   23.0 |
      Ice Cave |    215 |    215 |      0 |     38 |     26 |   1 |  215.0 |
    Desolation |    715 |    715 |      0 |     81 |    207 |   1 |  715.0 |
               +--------+--------+--------+--------+--------+-----+--------+

Top non-repeatable levels by time:
    D:10: 1577 daAuts
  Lair:5: 1428 daAuts
    D:12: 1202 daAuts
  Lair:2: 1182 daAuts
    D:15: 1131 daAuts
     D:2: 1130 daAuts
     D:3: 974 daAuts
  Lair:4: 955 daAuts
    D:13: 940 daAuts
     D:1: 939 daAuts
     D:8: 926 daAuts
Spider:1: 839 daAuts
     D:7: 831 daAuts
  Lair:3: 813 daAuts
     D:4: 809 daAuts
